 Dungeon Crawl Stone Soup version 0.28.0-47-ge53b351184 (webtiles) character file.

Game seed: 12113023129152526770

189 Hrothgar the Vandal (level 5, 0/44 HPs)
             Began as a Draconian Hunter on Apr 26, 2022.
             Was a Believer of Kikubaaqudgha.
             Slain by a scorpion (8 damage)
             ... on level 3 of the Dungeon.
             The game lasted 00:20:31 (2504 turns).

Hrothgar the Vandal (Draconian Hunter)              Turns: 2504, Time: 00:20:33

Health: 0/44       AC:  5    Str: 15    XL:     5   Next: 40%
Magic:  5/5        EV: 11    Int: 13    God:    Kikubaaqudgha [**....]
Gold:   146        SH:  3    Dex: 11    Spells: 4/5 levels left

rFire   + . .      SeeInvis .   i - +0 dagger (holy)
rCold   . . .      Faith    .   j - +0 buckler
rNeg    . . .      Spirit   .   (armour unavailable)
rPois   .          Reflect  .   (helmet restricted)
rElec   .          Harm     .   (no cloak)
rCorr   .          Rampage  .   (no gloves)
Will    .....                   (no boots)
Stlth   ++........              (no amulet)
HPRegen 0.14/turn               d - ring of protection from fire
MPRegen 0.09/turn               (no ring)

@: lethally poisoned (0 -> -5)
A: AC +5, unfitting armour, cold-blooded
a: Renounce Religion, Receive Corpses


You were on level 3 of the Dungeon.
You worshipped Kikubaaqudgha.
Kikubaaqudgha was pleased with you.
You visited 1 branch of the dungeon, and saw 4 of its levels.

You collected 146 gold pieces.

Inventory:

Hand Weapons
 a - a +1 hunting sling
 i - a +0 dagger of holy wrath (weapon)
Missiles
 c - 27 sling bullets
 e - 148 stones (quivered)
Armour
 j - a +0 buckler (worn)
Jewellery
 d - a ring of protection from fire (left hand)
Scrolls
 f - a scroll of fear {unknown}
 g - 2 scrolls of teleportation {unknown}
Potions
 b - a potion of magic {unknown}
 k - a potion of heal wounds {unknown}
 l - a potion of cancellation {unknown}


   Skills:
 * Level 2.8 Fighting
 * Level 1.4 Short Blades
 * Level 5.0 Slings
 * Level 2.3 Dodging
 * Level 1.5 Stealth
 * Level 0.7 Shields
 * Level 0.5 Spellcasting
 * Level 0.9 Necromancy


You had 4 spell levels left.
You knew the following spells:

 Your Spells              Type           Power      Damage    Failure   Level
a - Animate Skeleton      Necr           4%         N/A       28%         1

Your spell library contained the following spells:

 Spells                   Type           Power      Damage    Failure   Level
 Pain                     Necr           8%         1d4       28%         1
 Corpse Rot               Necr/Air       2%         N/A       45%         2
 Vampiric Draining        Necr           2%         2d6       63%         3


Dungeon Overview and Level Annotations

Branches:
Dungeon (4/15)
 Temple: D:4-7

Altars:
Kikubaaqudgha


Innate Abilities, Weirdness & Mutations

Your plain brown scales are hard. (AC +5)
You cannot fit into any form of body armour.
You are cold-blooded and may be slowed by cold attacks.


Message History

You hit the scorpion but do no damage. You block the scorpion's attack.
You closely miss the scorpion.
Your tail-slap misses the scorpion.
The scorpion stings you but does no damage. x2
You hit the scorpion but do no damage. The scorpion closely misses you.
You hit the scorpion but do no damage.
The scorpion stings you but does no damage.
You hit the scorpion but do no damage. You block the scorpion's attack.
The endoplasm freezes you.
You are frozen.
You hit the scorpion but do no damage. The scorpion stings you.
The endoplasm hits you but does no damage.
The scorpion stings you.
You are poisoned.
The scorpion poisons you! The endoplasm hits you. The scorpion stings you.
You climb upwards.
You feel very sick.
There is a stone staircase leading down here.
You hit the scorpion but do no damage.
Your tail-slap misses the scorpion.
You feel sick. The endoplasm freezes you.
You are frozen.
You block the scorpion's attack.
You closely miss the scorpion.
You feel sick.
The endoplasm hits you but does no damage.
The scorpion stings you.
You are more poisoned.
The scorpion poisons you!
You hit the scorpion but do no damage.
You feel sick. You block the scorpion's attack. The endoplasm misses you.
It was a potion of curing.
You feel better. The scorpion stings you!
You are poisoned.
The scorpion poisons you!
The endoplasm hits you but does no damage.
You hit the scorpion but do no damage.
You feel sick. The scorpion stings you.
* * * LOW HITPOINT WARNING * * *
The endoplasm freezes you.
You are frozen.
* * * LOW HITPOINT WARNING * * *
The scorpion stings you!
You die...
Kikubaaqudgha rasps: "You have failed me!
Welcome... death!"

#.## #.##.# #.#
#.##.#
#.######.##.#####
##........##.....#
..........######.#
########.## #.# ##
##.## #.# .#
##...######J#
.#####.........s@#
>.........########
########.## #.#
########.#
#........#
#.######## #.# #.#


You could see a scorpion and an endoplasm.

Vanquished Creatures
  A bullfrog (D:3)
  4 adders
  2 worms (D:2)
  2 dart slugs
  3 orcs (D:2)
  5 bats
  9 endoplasms
  A giant cockroach (D:2)
  10 goblins
  7 hobgoblins
  4 jackals (D:2)
  2 quokkas
  5 ball pythons
  3 frilled lizards (D:2)
  7 kobolds
  9 rats
74 creatures vanquished.

Vanquished Creatures (collateral kills)
  An orc (D:2)
1 creature vanquished.

Grand Total: 75 creatures vanquished

Notes
Turn   | Place    | Note
-------+----------+-------------------------------------------
     0 | D:1      | Hrothgar the Draconian Hunter began the quest for the Orb.
     0 | D:1      | Reached XP level 1. HP: 17/17 MP: 1/1
    85 | D:1      | Reached skill level 1 in Stealth
    93 | D:1      | Reached XP level 2. HP: 17/24 MP: 2/2
   118 | D:1      | Reached skill level 4 in Slings
   557 | D:1      | Reached XP level 3. HP: 25/30 MP: 3/3
   901 | D:2      | Found a faded altar of an unknown god.
   906 | D:2      | Prayed at the altar of an unknown god.
   906 | D:2      | Became a worshipper of Kikubaaqudgha
   906 | D:2      | Reached * piety under Kikubaaqudgha
   906 | D:2      | Received a gift from Kikubaaqudgha
   909 | D:2      | Learned a level 1 spell: Animate Skeleton
  1174 | D:2      | Reached skill level 1 in Short Blades
  1492 | D:2      | Reached XP level 4. HP: 37/37 MP: 4/4
  1570 | D:2      | Reached ** piety under Kikubaaqudgha
  1761 | D:3      | Noticed a bullfrog
  1776 | D:3      | Killed a bullfrog
  1777 | D:3      | Reached XP level 5. HP: 19/42 MP: 5/5
  2384 | D:3      | Reached skill level 5 in Slings
  2504 | D:3      | Slain by a scorpion

Illustrated notes

Levels and vault maps discovered:
D:1:      minmay_arrival_stair_chambers, layout_basic
D:2:      layout_basic, hellmonk_ecumenical_altar_heavens_door, minivault_19,
          guppyfry_early_orc_mine
D:3:      layout_loops_ring
D:4:      layout_rooms

Skill      XL: |  1  2  3  4  5 |
---------------+----------------+-----
Stealth        | 1 |  1.5
Slings         | 4 5 |  5.0
Dodging        | 2 |  2.3
Short Blades   | 1 |  1.4
Fighting       | |  2.8
Shields        | |  0.7
Spellcasting   | |  0.5
Necromancy     | |  0.9

Action                   |  1- 3 |  4- 6 || total
-------------------------+-------+-------++-------
Melee: Short sword       |    42 |       ||    42
       Tailslap          |     2 |     8 ||    10
       Punch             |     1 |       ||     1
       Dagger            |       |    85 ||    85
 Fire: Hunting sling     |   101 |    39 ||   140
 Cast: Animate Skeleton  |     1 |       ||     1
  Use: Scroll            |     2 |       ||     2
       Potion            |       |     3 ||     3
 Stab: Sleeping          |     1 |       ||     1
Armor: Skin              |    16 |    31 ||    47
Dodge: Dodged            |    38 |    42 ||    80
Block: Buckler           |       |    10 ||    10
